 Dungeon Crawl Stone Soup version 0.19.0-19-g8c6edcc (webtiles) character file.

592 UristPineapples the Magician (level 7, 0/46 HPs)
             Began as a Mummy Necromancer on Nov 13, 2016.
             Slain by an ogre
             ... wielding a +0 giant club
              (25 damage)
             ... on level 4 of the Dungeon on Nov 14, 2016.
             The game lasted 00:31:23 (5541 turns).

UristPineapples the Magician (Mummy Necromancer)    Turns: 5541, Time: 00:31:24

Health: 0/46       AC:  4    Str: 11    XL:     7   Next: 16%
Magic:  0/16       EV: 12    Int: 16    God:
Gold:   117        SH:  0    Dex: 16    Spells: 5 memorised, 6 levels left

rFire  x . .     SeeInvis .     x - +0 quarterstaff
rCold  + . .     Gourm    .     a - +0 robe
rNeg   + + +     Faith    .     (shield currently unavailable)
rPois  ∞         Spirit   .     h - +0 helmet
rElec  .         Reflect  .     u - +0 cloak
rCorr  .         Harm     .     (no gloves)
MR     +....                    (no boots)
Stlth  ++........               (no amulet)
                                r - +3 ring of dexterity
                                o - ring of protection from magic

@: no status effects
A: no food or potions, fire vulnerability, cold resistance 1, negative energy
resistance 3, torment resistance, unbreathing
a: no special abilities


You were on level 4 of the Dungeon.
You were not hungry.

You visited 1 branch of the dungeon, and saw 4 of its levels.

You collected 117 gold pieces.

Inventory:

Hand Weapons
 j - a +0 dagger of protection
 t - a +0 dagger of venom
 w - a +0 blowgun
 x - a +0 quarterstaff (weapon)
Missiles
 v - 18 poisoned needles
Armour
 a - a +0 robe (worn)
 h - a +0 helmet (worn)
 u - a +0 cloak (worn)
Jewellery
 o - a ring of protection from magic (left hand)
 r - a +3 ring of dexterity (right hand)
Wands
 g - a wand of disintegration (15/24)
 n - a wand of polymorph (3/24)
Scrolls
 c - 2 scrolls of remove curse {unknown}
 d - a scroll of recharging {unknown}
 e - 2 scrolls of enchant armour {unknown}
 f - 2 scrolls of random uselessness {unknown}
 i - a scroll of fog {unknown}
 l - 2 scrolls of teleportation {unknown}
 m - 2 scrolls of enchant weapon {unknown}
 p - a scroll of magic mapping {unknown}
 q - 7 scrolls of amnesia {unknown}
 s - a scroll of fear {unknown}
 y - a scroll of noise {unknown}
 z - a scroll of identify {unknown}
Books
 b - a book of Necromancy

   Spells                             Type                      Level
   a - Pain                           Necromancy                   1
   b - Animate Skeleton               Necromancy                   1
   c - Vampiric Draining              Necromancy                   3
   d - Regeneration                   Charms/Necromancy            3
   e - Animate Dead                   Necromancy                   4
   f - Control Undead                 Necromancy                   4
 k - a book of Maledictions

   Spells                             Type                      Level
   a - Corona                         Hexes                        1
   b - Ensorcelled Hibernation        Hexes/Ice                    2
   c - Confuse                        Hexes                        3
   d - Tukima's Dance                 Hexes                        3
   e - Dazzling Spray                 Conjuration/Hexes            3


   Skills:
 - Level 1.5 Dodging
 - Level 1.5 Stealth
 * Level 6.3 Spellcasting
 + Level 5.7 Necromancy


You had 6 spell levels left.
You knew the following spells:

 Your Spells              Type           Power        Failure   Level  Hunger
a - Pain                  Necr           ###.         1%          1    N/A
b - Animate Skeleton      Necr           N/A          1%          1    N/A
c - Vampiric Draining     Necr           ###.......   4%          3    N/A
d - Dazzling Spray        Conj/Hex       #.....       38%         3    N/A
e - Animate Dead          Necr           N/A          14%         4    N/A

Dungeon Overview and Level Annotations

Branches:
Dungeon (4/15)
 Temple: D:4-7

Altars:

Annotations:
D:4 BorisBritva's ghost, amateur DsGl


Innate Abilities, Weirdness & Mutations

You do not eat or drink.
Your flesh is vulnerable to fire.
You are immune to poison.
Your flesh is cold resistant. (rC+)
You are immune to negative energy. (rN+++)
You are immune to unholy pain and torment.
You can survive without breathing.


Message History

Aim: an ogre, wielding a giant club (almost dead, chance to defeat MR: 83%)
The ogre writhes in agony!
You see here a royal jelly.
The ogre hits you with a giant club!
Your magical contamination has completely faded away.
There is a stone staircase leading down here.
Casting: Pain
Confirm with . or Enter, or press ? or * to list all spells.
Aiming: Pain
Press: ? - help, Shift-Dir - straight line, f/p - ogre
Aim: an ogre, wielding a giant club (severely wounded, chance to defeat MR: 83%)
The ogre writhes in agony!
Casting: Pain
Confirm with . or Enter, or press ? or * to list all spells.
Aiming: Pain
Press: ? - help, Shift-Dir - straight line, f/p - ogre
Aim: an ogre, wielding a giant club (almost dead, chance to defeat MR: 83%)
The ogre writhes in agony!
The ogre hits you with a giant club!!
Ouch! That really hurt!
You die...

.###.## ... #...# # #...##
#'# #.### # ##.##
#.######## #.# # #.#
#........# #.#
#.###########..#####.# #%#
#.#...)....#...## #.# #>#
#.#.######.)....####.####.#
#.#.######.#...##.........#
#.#.##......(.)@O.##.######
#....).###.###.#####.#
###.######.# #.#####.#
#........# #.......#
########## #########


You could see an ogre.

Vanquished Creatures
  Sigmund (D:2)
  An ogre (D:4)
  2 orc wizards (D:4)
  Natasha (twice) (D:2)
  4 worker ants (D:4)
  Robin (D:2)
  8 adders
  2 adder skeletons (D:4)
  2 worms (D:4)
  2 dart slugs
  4 leopard geckos
  6 orcs
  3 giant cockroaches
  14 goblins
  12 hobgoblins
  8 jackals
  8 kobolds
  3 quokkas
  3 ball pythons
  8 bats
  3 frilled lizards
  5 rats
102 creatures vanquished.

Vanquished Creatures (collateral kills)
  A worm (D:2)
  An orc (D:4)
  A goblin (D:2)
  A frilled lizard (D:1)
  A rat (D:1)
5 creatures vanquished.

Grand Total: 107 creatures vanquished

Notes
Turn   | Place    | Note
-------+----------+-------------------------------------------
     0 | D:1      | UristPineapples the Mummy Necromancer began the quest for the Orb.
     0 | D:1      | Reached XP level 1. HP: 13/13 MP: 3/3
     3 | D:1      | Learned a level 1 spell: Animate Skeleton
   290 | D:1      | Reached XP level 2. HP: 9/19 MP: 0/5
   705 | D:1      | Reached skill level 3 in Spellcasting
   851 | D:1      | Reached XP level 3. HP: 14/24 MP: 0/7
  1304 | D:2      | Noticed Robin
  1422 | D:1      | Learned a level 3 spell: Vampiric Draining
  1535 | D:2      | Reached XP level 4. HP: 30/30 MP: 1/9
  1553 | D:2      | Killed Robin
  1733 | D:2      | Learned a level 3 spell: Dazzling Spray
  1736 | D:2      | Reached skill level 4 in Spellcasting
  2262 | D:2      | Noticed Sigmund
  2306 | D:2      | Noticed Natasha
  2313 | D:2      | Killed Natasha
  2337 | D:2      | Noticed Natasha
  2344 | D:2      | Killed Natasha
  2344 | D:2      | Reached XP level 5. HP: 32/35 MP: 5/11
  2458 | D:2      | Killed Sigmund
  2458 | D:2      | Reached skill level 5 in Spellcasting
  2458 | D:2      | Reached XP level 6. HP: 33/41 MP: 6/13
  2877 | D:3      | Reached skill level 5 in Necromancy
  3330 | D:3      | Found a faded altar of an unknown god.
  3473 | D:4      | Learned a level 4 spell: Animate Dead
  3897 | D:4      | Noticed BorisBritva's ghost (amateur DsGl)
  5135 | D:4      | Reached skill level 6 in Spellcasting
  5137 | D:4      | Reached XP level 7. HP: 36/46 MP: 1/16
  5541 | D:4      | Slain by an ogre

Skill      XL: |  1  2  3  4  5  6 |
---------------+-------------------+-----
Spellcasting   | 3 4 5 6 |  6.3
Necromancy     | 5 |  5.7
Dodging        | |  1.5
Stealth        | |  1.5

Action                   |  1- 3 |  4- 6 |  7- 9 || total
-------------------------+-------+-------+-------++-------
Melee: Unarmed           |    17 |       |       ||    17
       Dagger            |    50 |    31 |       ||    81
       Quarterstaff      |       |     2 |     5 ||     7
 Fire: Blowgun           |       |     9 |       ||     9
 Cast: Pain              |    63 |   138 |    12 ||   213
       Animate Skeleton  |    22 |    15 |       ||    37
       Animate Dead      |       |     6 |     4 ||    10
       Vampiric Draining |       |     2 |     3 ||     5
       Dazzling Spray    |       |       |     4 ||     4
 Stab: Sleeping          |     1 |     2 |       ||     3
       Invisible         |       |       |     2 ||     2
Armor: Robe              |    33 |    19 |     7 ||    59
Dodge: Dodged            |    66 |    52 |     9 ||   127
